 Dungeon Crawl Stone Soup version 0.31-a0-210-gccc998df9b (webtiles) character file.

Game seed: 3282282499332013884

2167 kae the Changer (level 9, -11/76 HPs)
             Began as a Red Draconian Transmuter on June 29, 2023.
             Mangled by a two-headed ogre
             ... wielding a +0 giant club
              (22 damage)
             ... on level 7 of the Dungeon.
             The game lasted 00:10:23 (8904 turns).

kae the Changer (Red Draconian Transmuter)          Turns: 8904, Time: 00:10:23

Health: -11/76     AC: 11    Str: 13    XL:     9   Next: 10%
Magic:  9/13       EV: 10    Int: 17    God:
Gold:   1288       SH:  0    Dex: 12    Spells: 4/14 levels left

rFire   x .          .
                       - Unarmed
rCold   + + +        (shield currently unavailable)
rNeg    . . .        (body armour unavailable)
rPois   +            (helmet currently unavailable)
rElec   .            (cloak currently unavailable)
rCorr   .            (gloves currently unavailable)
SInv    .            (boots currently unavailable)
Will    .....        (no amulet)
Stlth   +            O - +4 ring of protection
HPRegen 0.32/turn    P - ring of poison resistance
MPRegen 0.13/turn

%: no passive effects
@: ice-form
A: freezing attack, amphibious, boosted hp, (breathe fire), AC +7, large,
unfitting armour, (fire resistance 1), (cold-blooded)
a: End Transformation


You were on level 7 of the Dungeon.
You were a creature of crystalline ice.
You visited 1 branch of the dungeon, and saw 7 of its levels.
You also visited: Sewer.

You collected 1288 gold pieces.


Innate Abilities, Weirdness & Mutations

You are a creature of crystalline ice.
You have a powerful freezing melee attack.
You are amphibious.
Your maximum health is increased.
Your armour is entirely melded.
You are incapable of wielding weapons or throwing items.
((You can breathe blasts of fire.))
((Your fiery red scales are hard. (AC +7)))
You cannot fit into any form of body armour.
((Your flesh is heat resistant. (rF+)))
((You are cold-blooded and may be slowed by cold attacks.))


   Skills:
 - Level 1.1 Fighting
 - Level 1.7 Dodging
 * Level 7.0 Unarmed Combat
 - Level 3.0 Spellcasting
 * Level 7.7 Transmutations
 * Level 5.0 Ice Magic
 - Level 2.0 Poison Magic


You had 4 spell levels left.
You knew the following spells:

 Your Spells              Type           Power      Damage    Failure   Level
a - Beastly Appendage     Tmut           56%        N/A       1%          1
b - Wereblood             Tmut           28%        N/A       1%          2
c - Spider Form           Tmut/Pois      19%        N/A       7%          3
d - Ice Form              Ice/Tmut       24%        N/A       13%         4

Your spell library contained the following spells:

 Spells                   Type           Power      Damage    Failure   Level
 Freeze                   Ice            76%        1d8       2%          1
 Passwall                 Tmut/Erth      12%        N/A       5%          2
 Frozen Ramparts          Ice            38%        1d6       7%          3
 Ensorcelled Hibernation  Hex/Ice        22%        N/A       10%         2
 Hailstorm                Conj/Ice       11%        3d5       19%         3
 Lesser Beckoning         Tloc           4%         N/A       26%         2
 Gell's Gravitas          Tloc           2%         N/A       45%         3
 Swiftness                Air            2%         N/A       45%         3
 Teleport Other           Tloc           2%         N/A       45%         3
 Anguish                  Hex/Necr       1%         N/A       86%         4

Inventory:

Missiles
 e - 92 stones
 i - 11 poisoned darts
 k - a throwing net {=f!f}
 o - 10 boomerangs
 q - 6 javelins
Magical Staves
 v - a staff of cold {!a}
   (You found it on level 5 of the Dungeon)
Jewellery
 C - a ring of ice
   (You took it off an orc on level 4 of the Dungeon)
 F - a ring of fire
   (You took it off an orc on level 3 of the Dungeon)
 O - a +4 ring of protection (left front paw)
   (You found it on level 4 of the Dungeon)
 P - a ring of poison resistance (right front paw)
   (You found it on level 4 of the Dungeon)
 S - a +6 ring of strength
   (You found it on level 5 of the Dungeon)
 T - an amulet of faith {!P}
   (You found it on level 5 of the Dungeon)
Wands
 t - a wand of iceblast (11)
   (You found it on level 5 of the Dungeon)
Scrolls
 a - 2 scrolls of revelation
 b - a scroll of blinking {!r}
 h - 2 scrolls of immolation {!r!r}
 s - a scroll of identify {@r1}
 u - 2 scrolls of vulnerability {!r!r}
 w - a scroll of enchant weapon
Potions
 c - 3 potions of brilliance
 d - 4 potions of heal wounds {@q2}
 f - 2 potions of degeneration {!q}
 g - a potion of invisibility
 j - a potion of haste {@q3}
 l - 2 potions of berserk rage {!q}
 m - 3 potions of curing {@q1}
 n - 2 potions of enlightenment
 p - 2 potions of mutation {!q}
 r - a potion of resistance
 x - a potion of lignification {!q}

Dungeon Overview and Level Annotations

Branches:
Dungeon (7/15) Zot: 26913   Sewer (visited)
 Temple: D:4-7

Altars:
Elyvilon
Hepliaklqana
Okawaru
Qazlal
Sif Muna
Uskayaw

Shops:
D:5

[ ## .## ..
##.. ...
#..##.?..
##........
#.YO......
##..#......
#..## .....
##.## .... #..#
..~ ##[#####
.ยง ##..#...##
ยง
###........##
##..........<##


You could see a two-headed ogre.


Message History

๐Ÿ˜Ž MP[-2]
You lost 2 mp, and now have 7/13 mp.
You closely miss the bullfrog. The bullfrog hits you.
You closely miss the bullfrog. The bullfrog hits you. ๐Ÿ˜• HP[-3]
You take 3 damage, and now have 73/76 hp.
You pummel the bullfrog!! You freeze the bullfrog!
You feel a bit better.
You kill the bullfrog!
You howl as the wereblood boils in your veins!
The kobold barely misses you.
The kobold throws a stone.
The stone hits you.
You barely miss the kobold brigand.
You howl as the wereblood boils in your veins!
The kobold hits you but does no damage.
The kobold brigand hits you with a +0 whip. ๐Ÿ˜• HP[-4] MP[+1]
You take 4 damage, and now have 69/76 hp.
You barely miss the kobold brigand. The kobold barely misses you.
The kobold hits you but does no damage. The kobold brigand misses you.
You hit the kobold brigand. You freeze the kobold brigand.
The kobold hits you but does no damage. The kobold brigand closely misses you.
The kobold hits you but does no damage. ๐Ÿ˜• HP[+1]
You closely miss the kobold brigand. The kobold closely misses you.
The kobold barely misses you.
The kobold brigand hits you but does no damage.
The kobold hits you but does no damage.
You punch the kobold brigand! You freeze the kobold brigand.
The kobold hits you but does no damage.
The kobold brigand hits you with a +0 whip.
The kobold hits you but does no damage.
The kobold barely misses you. ๐Ÿ˜• HP[-1]
You take 1 damage, and now have 69/76 hp.
You pummel the kobold brigand!! You freeze the kobold brigand.
You feel a bit better.
You kill the kobold brigand!
The kobold hits you but does no damage. The kobold misses you.
The kobold hits you with a +0 dagger.
Your Unarmed Combat skill increases to level 7!
Your Ice Magic skill increases to level 5!
You punch the kobold! You freeze the kobold.
You feel a bit better.
You kill the kobold! ๐Ÿ˜• HP[+3]
You regained 3 hp, and now have 72/76 hp.
You barely miss the kobold. The kobold closely misses you.
The kobold hits you but does no damage.
You hit the kobold. You freeze the kobold.
You feel a bit better.
You kill the kobold!
The kobold hits you but does no damage. ๐Ÿ˜• HP[+1] MP[+1]
You closely miss the kobold. The kobold hits you but does no damage.
You punch the kobold! You freeze the kobold.
You feel a bit better.
You kill the kobold! ๐Ÿ˜• HP[+2]
You regained 2 hp, and now have 75/76 hp.
i - 11 poisoned darts (gained 6)
You see here a +0 whip. ๐Ÿ˜Ž HP[+1] MP[+2]
Your hp is fully restored (76).
You regained 2 mp, and now have 11/13 mp.
No target in view!
No target in view!
e - 87 stones (gained 4)
Things that are here:
a +0 dagger; a kobold corpse You see here a +0 whip.
e - 92 stones (gained 5)
You see here a +0 club.
Your primal bloodlust is almost over.
You howl as the wereblood boils in your veins!
Your transformation is almost over.
You howl as the wereblood boils in your veins!
Your primal bloodlust has ended.
You warm up again.
Found an escape hatch in the ceiling.
You see here a +0 chain mail.
A two-headed ogre comes into view. It is wielding two +0 giant clubs.
The two-headed ogre shouts in stereo! ๐Ÿ˜Ž HP[-12] MP[+2]
You now have 64 max hp (-12).
Your mp is fully restored (13).
A two-headed ogre is nearby!
A two-headed ogre is nearby!
A two-headed ogre is nearby!
Casting: Wereblood (safe; 1% risk of failure)
Confirm with . or Enter, or press ? or * to list all spells.
You turn into a creature of crystalline ice.
The two-headed ogre hits you with a +0 giant club! x2 ๐Ÿ˜ฎ HP[-11] MP[-4]
You now have 76 max hp (+12).
You lost 4 mp, and now have 9/13 mp.
You barely miss the two-headed ogre.
The two-headed ogre hits you with a +0 giant club!
The two-headed ogre hits you with a +0 giant club!!
* * * LOW HITPOINT WARNING * * *
๐Ÿ˜ฑ HP[-38]
You take 38 damage, and now have 15/76 hp.
MASSIVE DAMAGE!! (PAUSE)
You hit the two-headed ogre but do no damage.
The two-headed ogre hits you with a +0 giant club.
* * * LOW HITPOINT WARNING * * *
The two-headed ogre hits you with a +0 giant club!!
You die...

Skill      XL: |  1  2  3  4  5  6  7  8  9 |
---------------+----------------------------+-----
Transmutations | 3 4 5 6 7 |  7.7
Poison Magic   | 2 |  2.0
Spellcasting   | 3 |  3.0
Ice Magic      | 1 2 3 4 5 |  5.0
Unarmed Combat | 4 5 6 7 |  7.0
Fighting       | |  1.1
Dodging        | |  1.7

Action                     |  1- 3 |  4- 6 |  7- 9 || total
---------------------------+-------+-------+-------++-------
  Melee: Unarmed           |    75 |   298 |   218 ||   591
         Kick              |    18 |     9 |       ||    27
         Headbutt          |    13 |     5 |       ||    18
         Tailslap          |     7 |    12 |     2 ||    21
         Punch             |     1 |       |       ||     1
   Cast: Beastly Appendage |    19 |    14 |       ||    33
         Spider Form       |       |    32 |    27 ||    59
         Wereblood         |       |    11 |     7 ||    18
         Ice Form          |       |     1 |    15 ||    16
Ability: Breathe Fire      |       |       |     1 ||     1
    Use: Scroll            |       |     8 |    10 ||    18
         Potion            |       |     2 |       ||     2
   Stab: Sleeping          |       |     1 |       ||     1
         Distracted        |       |       |     1 ||     1
 Armour: Skin              |    17 |    70 |    64 ||   151
  Dodge: Dodged            |    48 |   316 |   156 ||   520

Levels and vault maps discovered:
D:1:      dpeg_arrival_three_bigger_balls, layout_basic
D:2:      layout_rooms, hellmonk_ecumenical_altar_heavens_door,
          amcnicky_mini_pool_small, hangedman_glass_teeth, minivault_5
D:3:      lemuel_castle_with_subvaults [lemuel_castle_interior_carwin_1],
          layout_basic, grunt_qazlal_clouds, cheibrodos_sewer_entry_drain,
          minmay_gold_behind_fungi
D:4:      layout_gridville, overflow_temple_1_default, roderic_lattice_a
D:5:      layout_basic, amcnicky_altar_gilded, kennysheep_mini,
          serial_co_window_serial, co_window_of_opportunity_a,
          co_window_paths_a, co_window_cross_1, co_window_paths_a,
          co_window_cross_1, co_window_paths_a, co_window_corner_cb,
          co_window_corner_b, co_window_corner_b, co_window_corner_b,
          co_window_broadway_b, co_window_broadway_b, co_window_4corner_a,
          co_window_paths_d, glass_columns_a, serial_shops,
          nicolae_shop_tiny_glass, nicolae_underground_beach
D:6:      layout_basic, elyvilon_altar_4, mainiacjoe_overflow_chevrons,
          minmay_quadrilaterals
D:7:      layout_cave_pods, mainiacjoe_overflow_concentric_impassable,
          minmay_temple_entry_mist, uniq_duvessa

Notes
Turn   | Place    | Note
-------+----------+-------------------------------------------
     0 | D:1      | kae the Draconian Transmuter began the quest for the Orb.
     0 | D:1      | Reached XP level 1. HP: 16/16 MP: 3/3
     0 | D:1      | magus.rc [v1.11.3]
   529 | D:1      | Reached XP level 2. HP: 23/23 MP: 3/5
   869 | D:2      | Reached skill level 3 in Transmutations
   869 | D:2      | Reached XP level 3. HP: 24/28 MP: 6/6
  1147 | D:2      | Found a faded altar of an unknown god.
  1395 | D:2      | You pick up a book of Dreams and begin reading...
  1395 | D:2      | You add the spells Ensorcelled Hibernation and Anguish to
                  | your library.
  1399 | D:2      | Learned a level 2 spell: Wereblood
  1403 | D:2      | Learned a level 3 spell: Spider Form
  1509 | D:3      | Reached XP level 4. HP: 33/35 MP: 6/8
  1594 | D:3      | You pick up a book of Frost and begin reading...
  1594 | D:3      | You add the spells Freeze, Frozen Ramparts and Hailstorm to
                  | your library.
  1614 | D:3      | Identified a scroll of acquirement
  1614 | D:3      | Acquired 808 gold pieces
  1727 | D:3      | Found a glowing drain.
  1747 | Sewer    | Entered a sewer
  1886 | Sewer    | Reached skill level 1 in Poison Magic
  2005 | Sewer    | Reached skill level 4 in Transmutations
  2124 | Sewer    | Reached skill level 3 in Spellcasting
  2173 | Sewer    | You pick up a book of Burglary and begin reading...
  2173 | Sewer    | You add the spells Passwall and Swiftness to your library.
  2223 | D:3      | Found a stormy altar of Qazlal.
  2370 | D:3      | HP: 7/35 [orc priest/divine providence (13)]
  2502 | D:3      | Reached skill level 2 in Poison Magic
  2502 | D:3      | Reached XP level 5. HP: 14/40 MP: 5/9
  2736 | D:3      | Learned a level 4 spell: Ice Form
  2795 | D:3      | HP: 9/40 [poisoned by a gnoll]
  2798 | D:3      | HP: 3/40 [poisoned by a gnoll]
  3232 | D:3      | Reached skill level 1 in Ice Magic
  3420 | D:3      | Reached XP level 6. HP: 47/47 MP: 7/10
  3873 | D:3      | Reached skill level 5 in Transmutations
  3926 | D:3      | HP: 8/47 [gnoll sergeant/+0 spear (10)]
  3933 | D:3      | Reached skill level 2 in Ice Magic
  4456 | D:3      | Reached skill level 4 in Unarmed Combat
  4638 | D:3      | HP: 11/47 [poisoned by an orc]
  4864 | D:4      | Your scales start taking on a fiery red colour.
  4864 | D:4      | Reached XP level 7. HP: 49/52 MP: 2/11
  4864 | D:4      | Gained mutation: Your flesh is heat resistant. (rF+) [Red
                  | Draconian growth]
  5233 | D:4      | You pick up a book of Displacement and begin reading...
  5233 | D:4      | You add the spells Lesser Beckoning, Gell's Gravitas and
                  | Teleport Other to your library.
  5981 | D:4      | Reached skill level 6 in Transmutations
  5981 | D:4      | Reached skill level 3 in Ice Magic
  6066 | D:4      | Found an iron altar of Okawaru.
  6117 | D:5      | Entered Level 5 of the Dungeon
  6130 | D:5      | Reached skill level 5 in Unarmed Combat
  6344 | D:5      | Found a hide-covered altar of Uskayaw.
  6456 | D:5      | Reached XP level 8. HP: 59/59 MP: 6/12
  6503 | D:5      | Found Hohalim's Antique Armour Shoppe.
  7041 | D:5      | Reached skill level 4 in Ice Magic
  7157 | D:5      | Found a shimmering blue altar of Sif Muna.
  7440 | D:5      | Reached skill level 6 in Unarmed Combat
  7616 | D:5      | Reached skill level 7 in Transmutations
  8119 | D:6      | You pick up a book of Displacement and begin reading...
  8190 | D:6      | Found a hazy altar of Hepliaklqana.
  8437 | D:6      | Reached XP level 9. HP: 64/64 MP: 5/13
  8726 | D:6      | Found a white marble altar of Elyvilon.
  8830 | D:7      | Reached skill level 7 in Unarmed Combat
  8830 | D:7      | Reached skill level 5 in Ice Magic
  8900 | D:7      | Noticed a two-headed ogre
  8903 | D:7      | HP: 15/76 [two-headed ogre/+0 giant club (24)]
  8904 | D:7      | Mangled by a two-headed ogre

Vanquished Creatures
  A black bear (D:5)
  4 ice beasts
  2 ogres (D:5)
  A kobold brigand (D:7)
  3 bullfrogs
  A gnoll sergeant (D:3)
  2 scorpions (D:4)
  A howler monkey (D:6)
  5 hounds
  2 orc priests
  3 jellies
  A gnoll bouda (D:5)
  3 iguanas
  An orc wizard (D:4)
  15 adders
  27 gnolls
  A river rat (Sewer)
  A white imp (D:6)
  3 ufetubi
  2 worms
  3 dart slugs
  35 orcs
  9 endoplasms
  7 goblins
  4 hobgoblins
  17 jackals
  5 quokkas
  2 ball pythons (Sewer)
  5 bats
  3 frilled lizards (Sewer)
  5 giant cockroaches
  7 kobolds
  7 rats
188 creatures vanquished.

Vanquished Creatures (others)
  A jelly (D:3)
1 creature vanquished.

Grand Total: 189 creatures vanquished

Table legend:
 A = Non-vault XP
 B = Vault XP
 C = Vault XP percentage of total XP
 D = Non-vault monster count
 E = Vault monster count
 F = Vault count percentage of total count
                 A         B        C        D         E       F
            +---------+---------+-------+---------+---------+-------
      Total |    2143 |     954 |  30.8 |     113 |      75 |  39.9
            +---------+---------+-------+---------+---------+-------
        D:1 |      19 |       0 |   0.0 |      11 |       0 |   0.0
        D:2 |      76 |       0 |   0.0 |      19 |       0 |   0.0
        D:3 |      78 |     474 |  85.9 |      13 |      56 |  81.2
        D:4 |     501 |       0 |   0.0 |      34 |       0 |   0.0
        D:5 |     966 |       0 |   0.0 |      21 |       0 |   0.0
        D:6 |     303 |     419 |  58.0 |      10 |       8 |  44.4
        D:7 |     200 |       0 |   0.0 |       5 |       0 |   0.0
      Sewer |       0 |      61 | 100.0 |       0 |      11 | 100.0
            +---------+---------+-------+---------+---------+-------

Skill      XL: |  1  2  3  4  5  6  7  8  9 |
---------------+----------------------------+-----
Transmutations | 3 4 5 6 7 |  7.7
Poison Magic   | 2 |  2.0
Spellcasting   | 3 |  3.0
Ice Magic      | 1 2 3 4 5 |  5.0
Unarmed Combat | 4 5 6 7 |  7.0
Fighting       | |  1.1
Dodging        | |  1.7

Action                     |  1- 3 |  4- 6 |  7- 9 || total
---------------------------+-------+-------+-------++-------
  Melee: Unarmed           |    75 |   298 |   218 ||   591
         Kick              |    18 |     9 |       ||    27
         Headbutt          |    13 |     5 |       ||    18
         Tailslap          |     7 |    12 |     2 ||    21
         Punch             |     1 |       |       ||     1
   Cast: Beastly Appendage |    19 |    14 |       ||    33
         Spider Form       |       |    32 |    27 ||    59
         Wereblood         |       |    11 |     7 ||    18
         Ice Form          |       |     1 |    15 ||    16
Ability: Breathe Fire      |       |       |     1 ||     1
    Use: Scroll            |       |     8 |    10 ||    18
         Potion            |       |     2 |       ||     2
   Stab: Sleeping          |       |     1 |       ||     1
         Distracted        |       |       |     1 ||     1
 Armour: Skin              |    17 |    70 |    64 ||   151
  Dodge: Dodged            |    48 |   316 |   156 ||   520

Illustrated notes

Table legend:
 A = Kills in this place as a percentage of kills in the entire game.
 B = Kills by you in this place as a percentage of kills by you in the entire game.
 C = Kills by friends in this place as a percentage of kills by friends in the entire game.
 D = Other kills in this place as a percentage of other kills in the entire game.
 E = Experience gained in this place as a percentage of experience gained in the entire game.
 F = Experience gained in this place divided by the number of levels of this place that you have seen.
                   A       B       C       D       E      F
               +-------+-------+-------+-------+-------+----------------------
         Total | 100.0 | 100.0 |   N/A |   N/A | 100.0 | 387.1
       Dungeon |  94.1 |  94.1 |   N/A |   N/A |  98.0 | 433.7
         Sewer |   5.9 |   5.9 |   N/A |   N/A |   2.0 |  61.0
               +-------+-------+-------+-------+-------+----------------------

Table legend: (Time is in decaauts)
 A = Elapsed time spent in this place.
 B = Non-inter-level travel time spent in this place.
 C = Inter-level travel time spent in this place.
 D = Time resting spent in this place.
 E = Time spent auto-exploring this place.
 F = Levels seen in this place.
 G = Mean time per level.
                   A        B        C        D        E       F      G
               +--------+--------+--------+--------+--------+-----+--------+
         Total |   8923 |   8643 |    280 |    312 |   6425 |   8 | 1115.4 |
       Dungeon |   8418 |   8138 |    280 |    232 |   6208 |   7 | 1202.6 |
         Sewer |    505 |    505 |      0 |     80 |    217 |   1 |  505.0 |
               +--------+--------+--------+--------+--------+-----+--------+

Top non-repeatable levels by time:
     D:3: 2797 daAuts
     D:5: 1749 daAuts
     D:4: 1261 daAuts
     D:6: 936 daAuts
     D:1: 813 daAuts
     D:2: 774 daAuts
   Sewer: 505 daAuts
     D:7: 86 daAuts
